 Dungeon Crawl Stone Soup version 0.30-a0-715-gdb4ae3ece1 (webtiles) character file.

Game seed: 9791637504502819038

230 Fenrisus the Covered (level 5, -4/49 HPs)
             Began as an Armataur Fighter on Jan 23, 2023.
             Slain by Duvessa
             ... wielding a +0 short sword
              (10 damage)
             ... on level 3 of the Dungeon.
             The game lasted 00:09:08 (2685 turns).

Fenrisus the Covered (Armataur Fighter)             Turns: 2685, Time: 00:09:08

Health: -4/49      AC:  8    Str: 23    XL:     5   Next: 72%
Magic:  5/5        EV:  6    Int:  9    God:
Gold:   236        SH: 13    Dex:  9    Spells: 4/4 levels left

rFire   . . .      SeeInvis .    d - +3 spear (heavy)
rCold   . . .      Faith    .    v - +0 kite shield
rNeg    . . .      Spirit   .    b - +0 scale mail
rPois   .          Reflect  +    j - +1 hat
rElec   .          Harm     .    (no cloak)
rCorr   .          Roll     +    (no gloves)
Will    +....                    (no barding) Stlth
                                 k - amulet of reflection
HPRegen 0.28/turn                m - ring of willpower
MPRegen 0.09/turn                (no ring)

@: no status effects
A: large, rugged brown scales 3, deformed body, armoured tail, roll, long
tongue, awkward tongue
a: no special abilities


You were on level 3 of the Dungeon.
You visited 1 branch of the dungeon, and saw 4 of its levels.

You collected 236 gold pieces.

Inventory:

Hand Weapons
 a - a +0 long sword
 d - a +3 heavy spear (weapon)
Armour
 b - a +0 scale mail (worn)
 c - a +0 buckler
 j - a +1 hat (worn)
 v - a +0 kite shield (worn)
Magical Staves
 q - a staff of death
Jewellery
 i - an amulet of guardian spirit
 k - an amulet of reflection (around neck)
 m - a ring of willpower (left hand)
Scrolls
 e - a scroll of blinking
 f - a scroll of identify
Potions
 h - a potion of attraction
 n - a potion of ambrosia {unknown}
 r - a potion of flight {unknown}


   Skills:
 + Level 3.7 Fighting
 + Level 3.0 Long Blades
 + Level 5.0 Armour
 + Level 4.5 Shields


You had 4 spell levels left.
You didn't know any spells.
Your spell library was empty.

Dungeon Overview and Level Annotations

Branches:
Dungeon (4/15)
 Temple: D:4-7

Altars:
Nemelex Xobeh
Uskayaw

Shops:
D:1 *

Annotations:
D:3 Duvessa


Innate Abilities, Weirdness & Mutations

You are completely covered in rugged brown scales. (AC +3, +7% HP)
Armour fits poorly on your strangely shaped body.
You have a long armoured tail.
You roll when moving toward enemies. (Rampage)
Your long tongue fully drains potion bottles. (2x potion effects)
Your tongue gives you trouble enunciating. (1.5x scroll delay)


Message History

Aim: Duvessa, wielding a +0 short sword and wearing a +0 leather armour (lightly wounded, berserk, 72% to hit)
The puff of flame hits Duvessa.
Duvessa is lightly wounded.
You hear a bark!
Aiming: Throw Flame
Press: ? - help, Q - select action Shift-Dir - straight line, f/p - Duvessa
Aim: Duvessa, wielding a +0 short sword and wearing a +0 leather armour (lightly wounded, berserk, 72% to hit)
The puff of flame misses Duvessa.
Aiming: Throw Flame
Press: ? - help, Q - select action Shift-Dir - straight line, f/p - Duvessa
Aim: Duvessa, wielding a +0 short sword and wearing a +0 leather armour (lightly wounded, berserk, 72% to hit)
The puff of flame hits Duvessa.
Duvessa is moderately wounded.
The now-empty wand crumbles to dust.
You closely miss Duvessa.
Your tail-slap misses Duvessa.
Duvessa is moderately wounded.
Duvessa hits you with a +0 short sword! You block Duvessa's attack.
Duvessa hits you but does no damage.
You hit Duvessa.
Duvessa is moderately wounded.
A hound comes into view.
You block Duvessa's attack. Duvessa hits you with a +0 short sword!
You closely miss Duvessa. You tail-slap Duvessa.
Duvessa is moderately wounded.
You block Duvessa's attack. x3
You block Duvessa's attack.
You climb upwards.
There is a stone staircase leading down here.
Duvessa hits you with a +0 short sword! You block Duvessa's attack.
You block Duvessa's attack. Duvessa attacks as you move away!
Duvessa hits you with a +0 short sword!
* * * LOW HITPOINT WARNING * * *
You block Duvessa's attack. Duvessa attacks as you move away!
Duvessa hits you with a +0 short sword!
* * * LOW HITPOINT WARNING * * *
Duvessa rages.
You block Duvessa's attack. Duvessa attacks as you move away!
Duvessa hits you with a +0 short sword!
You die...

..# #............<.>.......#
.[#####.####.##.#####.#####..#
....^...# ##.##.# #.# #..#
.##########..##.# #.#####..#
.# ##....#.## #.#......# .#
#..P.....# #.#.####.#
.########........#
#.#.##.#.####
.......###....##.#
##.#.#........ ######.#
##...##@###.......#.###. #.#
##..#.e.##............. #.#
#..........#.########. #.#
####...##........# ## #(#
##.###.##.###.# # #.# #.#
#.##.# #.# #.# #.# #.##.# #.#
#.# ###.###.##.###.### #.#
#....>........[..#


You could see Duvessa (berserk).

Vanquished Creatures
  Dowan (D:4)
  An orc wizard (D:3)
  An iguana (D:4)
  5 adders
  A gnoll (D:1)
  A worm (D:4)
  3 dart slugs
  2 orcs (D:3)
  2 bats
  6 endoplasms
  2 giant cockroaches (D:1)
  8 goblins
  3 hobgoblins
  4 jackals (D:1)
  4 quokkas
  8 ball pythons
  A frilled lizard (D:3)
  5 kobolds
  10 rats
68 creatures vanquished.

Notes
Turn   | Place    | Note
-------+----------+-------------------------------------------
     0 | D:1      | Fenrisus the Armataur Fighter began the quest for the Orb.
     0 | D:1      | Reached XP level 1. HP: 19/19 MP: 1/1
    52 | D:1      | Reached XP level 2. HP: 23/26 MP: 2/2
   240 | D:1      | Reached skill level 4 in Armour
   320 | D:1      | Reached XP level 3. HP: 33/33 MP: 3/3
   350 | D:1      | Found Qyfriff's Assorted Antiques.
   381 | D:1      | Found a faded altar of an unknown god.
   877 | D:2      | Found a sparkling altar of Nemelex Xobeh.
   958 | D:2      | Reached XP level 4. HP: 40/40 MP: 4/4
  1547 | D:3      | Reached XP level 5. HP: 34/48 MP: 5/5
  2043 | D:3      | Found a hide-covered altar of Uskayaw.
  2044 | D:3      | Noticed a +0 hand axe
  2044 | D:3      | Noticed a +0 dagger
  2574 | D:4      | Noticed Dowan
  2575 | D:4      | Noticed Duvessa
  2663 | D:4      | Killed Dowan
  2664 | D:4      | Reached skill level 5 in Armour
  2685 | D:3      | Slain by Duvessa

Illustrated notes

Levels and vault maps discovered:
D:1:      saegor_arrival_miasma, layout_rooms, serial_shops, shop,
          hellmonk_ecumenical_altar_zigzags, hangedman_feature_mirror,
          due_unseen_surprise
D:2:      layout_basic, basic_altar
D:3:      layout_loops_ring, dancing_weapons_uskayaw,
          hangedman_decor_clover_reticule, serial_park_tiny_1
D:4:      layout_layer_cave, old_standard_altar, serial_shops, shop, shop,
          uniq_duvessa

Skill      XL: |  1  2  3  4  5 |
---------------+----------------+-----
Long Blades    | 2 3 |  3.0
Fighting       | 3 |  3.7
Armour         | 4 5 |  5.0
Shields        | 4 |  4.5

Action                     |  1- 3 |  4- 6 || total
---------------------------+-------+-------++-------
  Melee: Long sword        |    41 |       ||    41
         Tailslap          |     8 |     4 ||    12
         Spear             |    64 |    63 ||   127
  Evoke: Wand              |       |    12 ||    12
    Use: Scroll            |     1 |     8 ||     9
         Potion            |     1 |       ||     1
 Armour: Scale mail        |    59 |    33 ||    92
  Dodge: Dodged            |    45 |     7 ||    52
  Block: Buckler           |    25 |    13 ||    38
         Kite shield       |       |    17 ||    17
         Reflection        |       |     3 ||     3

Table legend: (Time is in decaauts)
 A = Elapsed time spent in this place.
 B = Non-inter-level travel time spent in this place.
 C = Inter-level travel time spent in this place.
 D = Time resting spent in this place.
 E = Time spent auto-exploring this place.
 F = Levels seen in this place.
 G = Mean time per level.
                   A        B        C        D        E       F      G
               +--------+--------+--------+--------+--------+-----+--------+
         Total |   2784 |   2265 |    519 |    656 |   1035 |   4 |  696.0 |
       Dungeon |   2784 |   2265 |    519 |    656 |   1035 |   4 |  696.0 |
               +--------+--------+--------+--------+--------+-----+--------+

Top non-repeatable levels by time:
     D:3: 1210 daAuts
     D:2: 799 daAuts
     D:1: 670 daAuts
     D:4: 103 daAuts
